 Dungeon Crawl Stone Soup version 0.31-a0-845-g9abc20d24f (webtiles) character file.

Game seed: 10334838967124975634

16616 DocEon the Eclecticist (level 12, -1/59 HPs)
             Began as a Deep Elf Conjurer on Oct 3, 2023.
             Was a Priest of Vehumet.
             Slain by a yak (14 damage)
             ... on level 1 of the Lair of Beasts.
             The game lasted 00:16:08 (11442 turns).

DocEon the Eclecticist (Deep Elf Conjurer)         Turns: 11442, Time: 00:16:09

Health: -1/59      AC:  7    Str:  4    XL:     12   Next: 11%
Magic:  35/35      EV: 11    Int: 32    God:    Vehumet [***...]
Gold:   373        SH:  5    Dex: 13    Spells: 21/45 levels left

rFire   . . .        a - staff of conjuration
rCold   . . .        x - +0 buckler
rNeg    . . .        D - +0 robe
rPois   .            q - +2 helmet {Int+3}
rElec   .            o - +1 cloak
rCorr   .            (no gloves)
SInv    .            (no boots)
Will    +....        e - amulet of magic regeneration
Stlth   ++           (no ring)
HPRegen 0.29/turn    (no ring)
MPRegen 0.64/turn

%: no passive effects
@: no status effects
A: no striking features
a: Renounce Religion


You were on level 1 of the Lair of Beasts.
You worshipped Vehumet.
Vehumet was most pleased with you.
You visited 3 branches of the dungeon, and saw 12 of its levels.

You collected 652 gold pieces.
You spent 279 gold pieces at shops.

Inventory:

Hand Weapons
 E - a +2 dagger of venom
Missiles
 j - 3 throwing nets
Armour
 o - a +1 cloak (worn)
 q - a +2 helmet of intelligence (worn)
 x - a +0 buckler (worn)
 D - a +0 robe (worn)
Magical Staves
 a - a staff of conjuration (weapon)
 b - a staff of air
 f - a staff of death
Jewellery
 e - an amulet of magic regeneration (around neck)
 n - an amulet of guardian spirit
Wands
 i - a wand of paralysis (21)
 z - a wand of flame (28)
 A - a wand of mindburst (25)
 B - a wand of digging (6)
 F - a wand of iceblast (6)
Scrolls
 h - 4 scrolls of amnesia
 k - a scroll of blinking
 l - 2 scrolls of teleportation
 v - a scroll of fog
 w - a scroll of poison
 y - 6 scrolls of identify
 H - a scroll of enchant armour
Potions
 c - 2 potions of brilliance
 d - 2 potions of lignification
 g - 2 potions of magic
 m - 5 potions of curing
 p - a potion of haste
 r - 3 potions of heal wounds
 s - 2 potions of attraction
 t - 2 potions of enlightenment
 u - a potion of ambrosia {unknown}
 C - a potion of resistance {unknown}
 G - 2 potions of berserk rage


   Skills:
 - Level 2.4 Dodging
 - Level 2.4 Stealth
 - Level 5.0 Shields
 * Level 17.1 Spellcasting
 + Level 11.3 Conjurations
 - Level 5.0 Hexes
 - Level 3.6 Necromancy
 - Level 5.0 Translocations
 - Level 5.0 Ice Magic
 - Level 5.0 Air Magic


You had 21 spell levels left.
You knew the following spells:

 Your Spells              Type           Power      Damage    Failure   Level
a - Magic Dart            Conj           100%       1d8       1%          1
b - Searing Ray           Conj           100%       2d8       1%          2
c - Dazzling Flash        Conj/Hex       100%       N/A       1%          3
d - Fulminant Prism       Conj/Hex       43%        3d19      1%          4
e - Iskenderun's Mystic   Conj/Tloc      87%        2d17      1%          4
f - Mephitic Cloud        Conj/Pois/Air  75%        N/A       1%          3
g - Freezing Cloud        Conj/Ice/Air   41%        6-21      1%          5
h - Static Discharge      Conj/Air       100%       2-7/arc   1%          2

Your spell library contained the following spells:

 Spells                   Type           Power      Damage    Failure   Level
 Airstrike                Air            28%        2d(4-20)  1%          4
 Necrotise                Necr           100%       1d9       1%          1
 Cigotuvi's Dreadful Rot  Necr/Pois/Air  90%        N/A       1%          2
 Poisonous Vapours        Pois/Air       86%        N/A       1%          2
 Vampiric Draining        Necr           50%        2d9       1%          3
 Volatile Blastmotes      Fire/Tloc      86%        2d17      1%          3
 Ignite Poison            Fire/Tmut/Pois 27%        N/A       2%          3
 Agony                    Necr           50%        N/A       16%         5


Dungeon Overview and Level Annotations

Branches:
Dungeon (10/15)            Temple (1/1) D:6            Lair (1/5) D:10
    Orc: D:9-12

Altars:
Ashenzari
Cheibriados
Dithmenos
Elyvilon
Fedhas
Gozag
Hepliaklqana
Kikubaaqudgha
Makhleb
Nemelex Xobeh
Okawaru
Qazlal
Ru
Sif Muna
Trog
Uskayaw
Vehumet
Wu Jian
Xom
Yredelemnul
Zin
The Shining One

Shops:
D:3 [

Annotations:
D:9 1 runed translucent door


Message History

The mystic blast hits the boulder beetle but does no damage.
The mystic blast hits the yak!!
The yak is severely wounded.
The yak is knocked back by the mystic blast.
The mystic blast hits the cane toad!
The cane toad is severely wounded.
The cane toad is knocked back by the mystic blast.
You feel very sick. The boulder beetle closely misses you.
Casting: Iskenderun's Mystic Blast (safe; 1% risk of failure)
Confirm with . or Enter, or press ? or * to list all spells.
You feel a surge of power!
You erupt in a blast of force!
The mystic blast hits the yak!!
You kill the yak!
Vehumet accepts your kill.
You feel your power returning.
The mystic blast hits the boulder beetle!
The boulder beetle is lightly wounded.
The boulder beetle is knocked back by the mystic blast.
The mystic blast hits the cane toad!
The cane toad is severely wounded.
The cane toad is knocked back by the mystic blast.
You feel very sick.
You hear a bellow!
A yak comes into view.
You feel sick.
You climb upwards.
Welcome back to the Dungeon!
You feel sick.
There is a staircase to the Lair here.
Unknown command.
You start resting.
You feel sick. x4
Magic restored.
You feel sick.
You are no longer poisoned.
You start resting.
HP restored.
You climb downwards.
Welcome back to the Lair of Beasts!
The cane toad stings you! The boulder beetle bites you!
The cane toad stings you!!
* * * LOW HITPOINT WARNING * * *
The yak gores you!
You die...

#...........#
...##..........P.
..#..............
.................
...... ..........
......##.........
......÷..÷÷......
.......YBF.......
......÷Y@.......#
........÷.Y......
......÷÷÷.†......
.#P..............
##........!....#
#P..............
##.P........#.##
####P.....##.#
##...... #


You could see a boulder beetle, 3 yaks and a cane toad.

Vanquished Creatures
  4 death yaks (Lair:1)
  3 two-headed ogres
  5 elephants (Lair:1)
  2 cane toads (Lair:1)
  A rime drake (Lair:1)
  A komodo dragon (Lair:1)
  5 trolls (D:10)
  Prince Ribbit (D:7)
  2 hornets
  4 blink frogs (Lair:1)
  Sigmund (D:4)
  A shadow (D:10)
  A wraith (D:7)
  4 wyverns
  Eustachio (D:4)
  12 yaks
  A steam dragon (D:8)
  Menkaure (D:6)
  Edmund (D:5)
  An acid dragon (D:9)
  3 orc warriors
  A sky beast (D:6)
  3 ice beasts (D:6)
  2 black bears
  9 wolves
  4 centaurs
  2 phantoms (D:6)
  2 gnoll sergeants (D:7)
  2 bullfrogs
  A scorpion (D:5)
  3 wights (D:8)
  3 jellies (D:5)
  An electric eel (D:10)
  5 howler monkeys
  A crimson imp (D:9)
  8 orc priests
  6 hounds
  Crazy Yiuf (D:2)
  A gnoll bouda (D:10)
  3 iguanas (D:6)
  Ijyb (D:3)
  2 sleepcaps
  Natasha (thrice) (D:2)
  7 orc wizards
  14 gnolls
  6 adders
  3 shadow imps
  4 white imps
  2 ufetubi (D:7)
  2 worms
  39 orcs
  4 endoplasms
  3 giant cockroaches
  7 goblins
  7 hobgoblins
  8 jackals (D:1)
  2 quokkas
  8 ball pythons
  9 bats
  3 frilled lizards
  8 kobolds
  5 rats
260 creatures vanquished.

Vanquished Creatures (others)
  An orc wizard (D:8)
  5 fulminant prisms
6 creatures vanquished.

Grand Total: 266 creatures vanquished

Notes
Turn   | Place    | Note
-------+----------+-------------------------------------------
     0 | D:1      | DocEon the Deep Elf Conjurer began the quest for the Orb.
     0 | D:1      | Reached XP level 1. HP: 10/10 MP: 6/6
   183 | D:1      | Reached XP level 2. HP: 15/15 MP: 2/8
   193 | D:1      | Learned a level 2 spell: Searing Ray
   372 | D:1      | Reached skill level 4 in Spellcasting
   699 | D:1      | Reached XP level 3. HP: 19/19 MP: 8/10
  1012 | D:2      | Found a faded altar of an unknown god.
  1080 | D:2      | Identified the +1 ring mail "Lyar" {rF++ Str+2 Int+3 SInv}
  1171 | D:2      | Noticed Natasha
  1177 | D:2      | Killed Natasha
  1178 | D:2      | Reached skill level 5 in Conjurations
  1278 | D:2      | Found a runed translucent door.
  1279 | D:2      | Noticed Crazy Yiuf
  1348 | D:2      | Reached skill level 5 in Spellcasting
  1686 | D:2      | Noticed Natasha
  1693 | D:2      | Killed Natasha
  1694 | D:2      | Reached XP level 4. HP: 14/24 MP: 2/13
  2133 | D:2      | Killed Crazy Yiuf
  2134 | D:2      | Reached skill level 6 in Spellcasting
  2134 | D:2      | Reached XP level 5. HP: 28/28 MP: 10/15
  2190 | D:2      | Noticed Natasha
  2192 | D:2      | Killed Natasha
  2227 | D:3      | Found a broken altar of Ashenzari.
  2275 | D:3      | Found an opulent altar of Gozag.
  2305 | D:3      | Noticed Ijyb
  2309 | D:3      | Paralysed by Ijyb for 2 turns
  2315 | D:3      | Killed Ijyb
  2328 | D:3      | Learned a level 3 spell: Dazzling Flash
  2333 | D:3      | Learned a level 4 spell: Fulminant Prism
  2338 | D:3      | Learned a level 4 spell: Iskenderun's Mystic Blast
  2402 | D:3      | Found a shadowy altar of Dithmenos.
  2528 | D:3      | Found Fihu's Armour Emporium.
  2795 | D:4      | Identified the +0 ring mail of Nemelex Xobeh's Scorn {SInv}
  2819 | D:4      | Noticed Eustachio
  2826 | D:4      | Killed Eustachio
  2827 | D:4      | Reached skill level 7 in Spellcasting
  2827 | D:4      | Reached skill level 1 in Hexes
  2827 | D:4      | Reached skill level 1 in Necromancy
  2827 | D:4      | Reached skill level 1 in Translocations
  2827 | D:4      | Reached XP level 6. HP: 27/32 MP: 12/18
  3073 | D:4      | Noticed Sigmund
  3084 | D:4      | Killed Sigmund
  3085 | D:4      | Reached XP level 7. HP: 26/36 MP: 13/20
  3498 | D:4      | Found an iron altar of Okawaru.
  3942 | D:4      | Reached skill level 8 in Spellcasting
  3998 | D:5      | Entered Level 5 of the Dungeon
  4107 | D:5      | Noticed Edmund
  4119 | D:5      | Killed Edmund
  4281 | D:5      | Learned a level 3 spell: Mephitic Cloud
  4287 | D:5      | Learned a level 5 spell: Freezing Cloud
  4522 | D:3      | Bought a +2 helmet of intelligence for 279 gold pieces
  4898 | D:5      | Reached XP level 8. HP: 41/41 MP: 18/22
  4981 | D:5      | Reached skill level 9 in Spellcasting
  5455 | D:6      | Found a staircase to the Ecumenical Temple.
  5544 | Temple   | Found a transporter.
  5544 | Temple   | Found a transporter.
  5544 | Temple   | Found a transporter.
  5544 | Temple   | Found a transporter.
  5544 | Temple   | Entered the Ecumenical Temple
  5564 | Temple   | Became a worshipper of Vehumet
  5692 | D:6      | Reached skill level 1 in Shields
  5829 | D:6      | Reached skill level 1 in Ice Magic
  6380 | D:6      | Noticed Menkaure
  6396 | D:6      | Killed Menkaure
  6397 | D:6      | Reached skill level 10 in Spellcasting
  6397 | D:6      | Reached skill level 5 in Hexes
  6397 | D:6      | Reached XP level 9. HP: 25/45 MP: 18/25
  7049 | D:7      | Reached * piety under Vehumet
  7049 | D:7      | Offered knowledge of Shock by Vehumet.
  7637 | D:7      | Found a snail-covered altar of Cheibriados.
  7678 | D:7      | Found an ornate altar of the Wu Jian Council.
  7719 | D:7      | Noticed Prince Ribbit
  7726 | D:7      | Killed Prince Ribbit
  7727 | D:7      | Reached skill level 11 in Spellcasting
  7843 | D:7      | Noticed a two-headed ogre
  7863 | D:7      | Killed a two-headed ogre
  7864 | D:7      | Reached skill level 5 in Translocations
  8012 | D:8      | Reached XP level 10. HP: 46/50 MP: 23/27
  8236 | D:8      | Reached skill level 1 in Air Magic
  8442 | D:8      | Offered knowledge of Kiss of Death by Vehumet.
  8443 | D:8      | Reached ** piety under Vehumet
  8604 | D:8      | Found an ancient bone altar of Kikubaaqudgha.
  8663 | D:8      | Reached skill level 12 in Spellcasting
  8859 | D:8      | Found a shimmering blue altar of Sif Muna.
  9079 | D:9      | Found a stormy altar of Qazlal.
  9087 | D:9      | Noticed a two-headed ogre
  9092 | D:9      | Killed a two-headed ogre
  9093 | D:9      | Reached skill level 5 in Shields
  9130 | D:9      | Reached skill level 5 in Ice Magic
  9195 | D:9      | Found a burning altar of Makhleb.
  9199 | D:9      | Found a shimmering altar of Xom.
  9221 | D:9      | Found a runed translucent door.
  9224 | D:9      | Found a basalt altar of Yredelemnul.
  9248 | D:9      | Found a glowing silver altar of Zin.
  9248 | D:9      | Found a glowing golden altar of the Shining One.
  9248 | D:9      | Found a white marble altar of Elyvilon.
  9915 | D:10     | Entered Level 10 of the Dungeon
  9927 | D:10     | Reached skill level 13 in Spellcasting
 10040 | D:10     | Offered knowledge of Static Discharge by Vehumet.
 10083 | D:10     | Learned a level 2 spell: Static Discharge
 10098 | D:10     | Found a staircase to the Lair.
 10267 | D:10     | Reached XP level 11. HP: 50/54 MP: 19/30
 10354 | D:10     | Noticed a two-headed ogre
 10371 | D:10     | Killed a two-headed ogre
 10372 | D:10     | Reached skill level 14 in Spellcasting
 10906 | Lair:1   | Entered Level 1 of the Lair of Beasts
 10909 | Lair:1   | Noticed a boulder beetle
 10918 | Lair:1   | Reached *** piety under Vehumet
 10924 | Lair:1   | Noticed a death yak
 10927 | Lair:1   | Noticed a death yak
 10927 | Lair:1   | Noticed a death yak
 10978 | Lair:1   | Noticed a death yak
 10985 | Lair:1   | Killed a death yak
 10986 | Lair:1   | Reached skill level 15 in Spellcasting
 10986 | Lair:1   | Reached skill level 10 in Conjurations
 10986 | Lair:1   | Reached skill level 5 in Air Magic
 10989 | Lair:1   | Killed a death yak
 11048 | Lair:1   | Killed a death yak
 11049 | Lair:1   | Reached skill level 16 in Spellcasting
 11051 | Lair:1   | Killed a death yak
 11117 | Lair:1   | Offered knowledge of Airstrike by Vehumet.
 11124 | Lair:1   | Reached XP level 12. HP: 38/59 MP: 14/34
 11127 | Lair:1   | Reached skill level 17 in Spellcasting
 11442 | Lair:1   | Slain by a yak

Illustrated notes

Levels and vault maps discovered:
D:1:      dpeg_arrival_pits, layout_rooms
D:2:      layout_basic, basic_ecumenical_altar, minmay_divided_ellipse,
          uniq_crazy_yiuf_cottage, uniq_natasha
D:3:      layout_basic, lemuel_crystal_altar,
          mainiacjoe_overflow_small_starburst, mainiacjoe_overflow_catwalk,
          serial_curves, eino_curves_03, eino_curves_01, serial_shops,
          nicolae_shop_stone, uniq_ijyb
D:4:      layout_basic, okawaru_gym_becter, grunt_decor_arrowhead,
          uniq_eustachio, uniq_sigmund
D:5:      layout_gridville, uniq_edmund
D:6:      layout_cave_pods, minmay_temple_entry_fiery, uniq_menkaure
D:7:      layout_basic, nzn_wu_jian_council_hall, cheibrodos_worm_habitat,
          serial_demonic, serial_demonic_b, serial_demonic_g, serial_demonic_a,
          serial_demonic_e, serial_demonic_e, serial_demonic_e,
          minmay_misc_feat_encased, kennysheep_boxes, uniq_prince_ribbit1
D:8:      layout_loops_ring, tgw_sif, kiku_gazebo_pond_becter,
          hangedman_decor_opposing
D:9:      layout_long_grid, good_gods_mini_temple,
          grunt_temple_overflow_champion_of_chaos, dk_yredelemnul_ordeal,
          nicolae_qazlal_general_emergency
D:10:     layout_loops_ring, erik_lair_island, minmay_fractal_squares_diagonal_5
Temple:   hellmonk_temple_divided_pantheon
Lair:1:   layout_hall_layers, nzn_masters_of_martial_movement

Skill      XL: |  1  2  3  4  5  6  7  8  9 10 11 12 |
---------------+-------------------------------------+-----
Spellcasting   | 4 5 6 7 8 10 11 13 16 17 | 17.1
Conjurations   | 5 6 7 8 9 11 | 11.3
Hexes          | 1 2 3 5 |  5.0
Necromancy     | 1 2 3 |  3.6
Translocations | 1 2 4 5 |  5.0
Shields        | 2 4 5 |  5.0
Ice Magic      | 1 3 5 |  5.0
Air Magic      | 3 5 |  5.0
Dodging        | |  2.4
Stealth        | |  2.4

Action                     |  1- 3 |  4- 6 |  7- 9 | 10-12 || total
---------------------------+-------+-------+-------+-------++-------
  Melee: Dagger            |       |     5 |       |     1 ||     6
   Cast: Magic Dart        |    61 |    62 |   180 |   182 ||   485
         Searing Ray       |     3 |    13 |    34 |     8 ||    58
         Iskenderun's Myst |       |       |    19 |    89 ||   108
         Fulminant Prism   |       |       |     5 |       ||     5
         Mephitic Cloud    |       |       |    10 |    22 ||    32
    Use: Scroll            |     5 |     3 |     6 |     4 ||    18
 Armour: Robe              |     8 |    21 |    42 |    43 ||   114
  Dodge: Dodged            |     3 |    25 |    38 |    23 ||    89
  Block: Buckler           |       |       |     9 |     8 ||    17

Table legend: (Time is in decaauts)
 A = Elapsed time spent in this place.
 B = Non-inter-level travel time spent in this place.
 C = Inter-level travel time spent in this place.
 D = Time resting spent in this place.
 E = Time spent auto-exploring this place.
 F = Levels seen in this place.
 G = Mean time per level.
                   A        B        C        D        E       F      G
               +--------+--------+--------+--------+--------+-----+--------+
         Total |  11463 |  10691 |    772 |   1559 |   7539 |  12 |  955.2 |
       Dungeon |  11344 |  10581 |    763 |   1559 |   7539 |  10 | 1134.4 |
        Temple |     38 |     29 |      9 |      0 |      0 |   1 |   38.0 |
          Lair |     80 |     80 |      0 |      0 |      0 |   1 |   80.0 |
               +--------+--------+--------+--------+--------+-----+--------+

Top non-repeatable levels by time:
     D:7: 1479 daAuts
    D:10: 1413 daAuts
     D:6: 1371 daAuts
     D:4: 1365 daAuts
     D:2: 1200 daAuts
     D:5: 1095 daAuts
     D:1: 1011 daAuts
     D:8: 891 daAuts
     D:9: 879 daAuts
     D:3: 635 daAuts
  Lair:1: 80 daAuts
  Temple: 38 daAuts
